[Event "ICC tourney 2308 (3 2)"]
[Site "Internet Chess Club"]
[Date "2021.01.15"]
[Round "10"]
[White "Shakhmatova"]
[Black "WaSabi5829"]
[Result "1-0"]
[ICCResult "Black resigns"]
[WhiteElo "1756"]
[BlackElo "1386"]
[Opening "Sicilian: closed"]
[ECO "B23"]
[NIC "SI.44"]
[Time "22:20:02"]
[PlyCount "56"]
[TimeControl "180+2"]

1. e4 c5 2. Nc3 d6 3. f4 Nc6 4. Nf3 g6 5. g3 Bg7 6. Bg2 e6 7. d3 Nge7 8.
Ne2 O-O 9. c3 f6 10. Be3 e5 11. O-O Be6 12. Qd2 b6 13. Rad1 a5 14. d4 cxd4
15. cxd4 exd4 16. Nexd4 Nxd4 17. Nxd4 Bxa2 18. b3 Bxb3 19. Nxb3 a4 20. Nd4
Qc8 21. f5 g5 22. Ne6 Re8 23. Qxd6 Qc3 24. Bd4 Qc2 25. Nc7 Nc8 26. Qd5+ Kh8
27. Nxe8 a3 28. Qxa8 a2 { Black resigns } 1-0

[Event "ICC tourney 2308 (3 2)"]
[Site "Internet Chess Club"]
[Date "2021.01.15"]
[Round "10"]
[White "ThomasBoyle"]
[Black "yogokings12"]
[Result "0-1"]
[ICCResult "White resigns"]
[WhiteElo "1283"]
[BlackElo "1683"]
[Opening "Sicilian: Smith-Morra gambit"]
[ECO "B21"]
[NIC "SI.47"]
[Time "22:20:08"]
[PlyCount "92"]
[TimeControl "180+2"]

1. e4 c5 2. d4 cxd4 3. c3 Nf6 4. e5 Nd5 5. cxd4 d6 6. Nf3 Nc6 7. Nc3 dxe5
8. dxe5 Nxc3 9. Qxd8+ Nxd8 10. bxc3 Bg4 11. Be2 Nc6 12. Ba3 e6 13. Bb2 Bc5
14. O-O O-O-O 15. Rac1 Bxf3 16. Bxf3 Nxe5 17. Be4 Nd3 18. Bxd3 Rxd3 19. c4
f6 20. a4 Rhd8 21. h3 e5 22. a5 a6 23. Bc3 Bd4 24. Bb4 Rb3 25. Be7 Re8 26.
Bd6 Rd8 27. c5 Rc3 28. Rxc3 Bxc3 29. Rc1 Bxa5 30. Be7 Rd7 31. Bf8 Rf7 32.
Bd6 Bc7 33. Bxc7 Kxc7 34. Kf1 Kc6 35. Ke2 Rd7 36. Ke3 Rd5 37. Rb1 Rxc5 38.
Ke4 b5 39. Kf5 Rc2 40. Rf1 b4 41. Ke6 b3 42. Kf7 b2 43. Kxg7 Rc1 44. Rxc1+
bxc1=Q 45. Kxf6 Qf1 46. Kxe5 Qxf2 { White resigns } 0-1

[Event "ICC tourney 2308 (3 2)"]
[Site "Internet Chess Club"]
[Date "2021.01.15"]
[Round "10"]
[White "SuperBlueSky"]
[Black "DejaVu"]
[Result "1-0"]
[ICCResult "Black resigns"]
[WhiteElo "1562"]
[BlackElo "1850"]
[Opening "King's Indian: orthodox, Aronin-Taimanov, 9.Ne1"]
[ECO "E98"]
[NIC "KI.03"]
[Time "22:20:14"]
[PlyCount "64"]
[TimeControl "180+2"]

1. d4 Nf6 2. Nf3 g6 3. c4 Bg7 4. Nc3 O-O 5. e4 d6 6. Be2 e5 7. O-O Nc6 8.
d5 Ne7 9. Ne1 Nd7 10. Be3 f5 11. f3 f4 12. Bf2 g5 13. Nd3 Nf6 14. Rc1 Rf7
15. c5 Bf8 16. cxd6 cxd6 17. Nb5 Ng6 18. a4 h5 19. Qc2 g4 20. Nc7 g3 21.
hxg3 fxg3 22. Bxg3 Bh6 23. Nxa8 h4 24. Qxc8 Qxc8 25. Rxc8+ Kg7 26. Bf2 h3
27. gxh3 Nh5 28. Rc7 Rxc7 29. Nxc7 Ngf4 30. Nxf4 Nxf4 31. Ne6+ Kf6 32. Nxf4
Bxf4 { Black resigns } 1-0

[Event "ICC tourney 2308 (3 2)"]
[Site "Internet Chess Club"]
[Date "2021.01.15"]
[Round "10"]
[White "CheddarCheng1"]
[Black "GrandWizard"]
[Result "0-1"]
[ICCResult "White checkmated"]
[WhiteElo "1424"]
[BlackElo "1806"]
[Opening "Fried fox defense"]
[ECO "B00"]
[NIC "VO.17"]
[Time "22:20:09"]
[PlyCount "116"]
[TimeControl "180+2"]

1. e4 f6 2. d4 Kf7 3. Nf3 e6 4. Bc4 Be7 5. d5 d6 6. dxe6+ Bxe6 7. Bxe6+
Kxe6 8. Qd5+ Kd7 9. Nc3 c6 10. Qf7 Qf8 11. Qxf8 Bxf8 12. Be3 Kc7 13. O-O-O
Nd7 14. Bf4 Ne5 15. Nxe5 dxe5 16. Bg3 Bb4 17. f4 Bxc3 18. bxc3 Re8 19. fxe5
fxe5 20. Rhf1 Nf6 21. Kb2 Rhf8 22. Rde1 Kd6 23. Rd1+ Ke6 24. c4 Nxe4 25.
Rxf8 Rxf8 26. Re1 Nxg3 27. hxg3 Rf2 28. Rg1 h5 29. Kc3 c5 30. Kd3 Kf5 31.
Ke3 Rxc2 32. Kd3 Rxa2 33. Rf1+ Kg4 34. Ke4 Rxg2 35. Kxe5 g5 36. Ke4 Re2+
37. Kd3 Rg2 38. Ke3 Rxg3+ 39. Ke4 Rc3 40. Kd5 b6 41. Ra1 h4 42. Rxa7 Rd3+
43. Ke4 Rd4+ 44. Ke5 Rxc4 45. Rb7 Rb4 46. Kd5 Kg3 47. Kc6 g4 48. Rxb6 Rxb6+
49. Kxb6 c4 50. Kb5 c3 51. Kb4 c2 52. Kb3 c1=Q 53. Ka2 h3 54. Kb3 h2 55.
Ka2 h1=Q 56. Kb3 Qd5+ 57. Ka4 Qcc4+ 58. Ka3 Qb3# { White checkmated } 0-1

[Event "ICC tourney 2308 (3 2)"]
[Site "Internet Chess Club"]
[Date "2021.01.15"]
[Round "10"]
[White "CaptK"]
[Black "MasterZachary"]
[Result "0-1"]
[ICCResult "White resigns"]
[WhiteElo "2368"]
[BlackElo "2307"]
[Opening "QGA: classical, 6...a6"]
[ECO "D27"]
[NIC "QG.07"]
[Time "22:20:09"]
[PlyCount "62"]
[TimeControl "180+2"]

1. d4 d5 2. c4 dxc4 3. Nf3 a6 4. e3 Nf6 5. Bxc4 e6 6. O-O c5 7. Nc3 b5 8.
Be2 Bb7 9. dxc5 Bxc5 10. Qxd8+ Kxd8 11. Nd2 Nbd7 12. Nb3 Bb6 13. a4 b4 14.
a5 Nc5 15. Nxc5 Bxc5 16. Na4 Bd6 17. Rd1 Ke7 18. b3 Be4 19. Bd3 Bxd3 20.
Rxd3 Rhd8 21. Kf1 Be5 22. Rxd8 Rxd8 23. Bb2 Bxb2 24. Nxb2 Rd2 25. Nd1 Ne4
26. Ke1 Rc2 27. Ra4 Nc5 28. Ra1 Nxb3 29. Rb1 Nc5 30. Kf1 b3 31. Nb2 Ne4 {
White resigns } 0-1

[Event "ICC tourney 2308 (3 2)"]
[Site "Internet Chess Club"]
[Date "2021.01.15"]
[Round "10"]
[White "iszerencsy"]
[Black "coolsportsguy"]
[Result "0-1"]
[ICCResult "White checkmated"]
[WhiteElo "1425"]
[BlackElo "2330"]
[Opening "French: Winawer, Alekhine (Maróczy) gambit"]
[ECO "C15"]
[NIC "FR.08"]
[Time "22:20:02"]
[PlyCount "94"]
[TimeControl "180+2"]

1. e4 e6 2. d4 d5 3. Nc3 Bb4 4. Ne2 dxe4 5. a3 Be7 6. Nxe4 Nf6 7. Qd3 Nbd7
8. Bf4 O-O 9. N2g3 c5 10. dxc5 Nxc5 11. Nxc5 Bxc5 12. Qxd8 Rxd8 13. Bd3 e5
14. Bxe5 Ng4 15. Bf4 Nxf2 16. Ne4 Nxe4 17. Bxe4 Re8 18. Kd2 Rxe4 19. Rae1
Rxf4 20. b4 Bf8 21. Re8 b6 22. Ke3 Rf6 23. Rd1 Re6+ 24. Rxe6 Bxe6 25. Rd4
Rc8 26. Kd2 g6 27. c3 Bg7 28. Rd3 Be5 29. g3 h5 30. Re3 Bg7 31. Kc2 Bd4 32.
Rf3 Bd5 33. Rf4 Bxc3 34. Kd3 Bb2 35. Rf2 Bxa3 36. Rd2 Bxb4 37. Rb2 a5 38.
Kd4 Bc3+ 39. Kxd5 Bxb2 40. Kd6 a4 41. Kd7 Rc5 42. Kd8 a3 43. Kd7 a2 44. g4
a1=Q 45. h4 Qd1+ 46. Ke7 Rc7+ 47. Ke8 Qd7# { White checkmated } 0-1

[Event "ICC tourney 2308 (3 2)"]
[Site "Internet Chess Club"]
[Date "2021.01.15"]
[Round "10"]
[White "GLeschinsky"]
[Black "vikram251107"]
[Result "1-0"]
[ICCResult "Black resigns"]
[WhiteElo "2103"]
[BlackElo "2002"]
[Opening "King's Indian: Sämisch, 5...O-O"]
[ECO "E81"]
[NIC "KI.52"]
[Time "22:20:07"]
[PlyCount "67"]
[TimeControl "180+2"]

1. d4 Nf6 2. c4 g6 3. Nc3 Bg7 4. e4 d6 5. f3 O-O 6. Nge2 e5 7. dxe5 dxe5 8.
Qxd8 Rxd8 9. Nd5 Nxd5 10. cxd5 c6 11. Nc3 f5 12. Bc4 Kh8 13. Bg5 Rd7 14. h4
h6 15. h5 cxd5 16. Bxd5 hxg5 17. hxg6+ Bh6 18. Rxh6+ Kg7 19. Rh7+ Kxg6 20.
Rh8 Nc6 21. Be6 Rd8 22. Bxf5+ Kg7 23. Rxd8 Nxd8 24. Bxc8 Rxc8 25. Rd1 Nf7
26. Rd7 Rb8 27. Nd5 Kf8 28. Ke2 a6 29. Ke3 b5 30. Ra7 Nd6 31. b3 Rc8 32.
Rxa6 Ne8 33. Kd2 Nc7 34. Rc6 { Black resigns } 1-0

[Event "ICC tourney 2308 (3 2)"]
[Site "Internet Chess Club"]
[Date "2021.01.15"]
[Round "10"]
[White "DrKnight01"]
[Black "muzikmixer"]
[Result "1-0"]
[ICCResult "Black resigns"]
[WhiteElo "1216"]
[BlackElo "1633"]
[Opening "Pirc: Ufimtsev-Pytel variation"]
[ECO "B07"]
[NIC "PU.08"]
[Time "22:20:12"]
[PlyCount "67"]
[TimeControl "180+2"]

1. d4 d6 2. e4 Nf6 3. Nc3 c6 4. Nf3 Bg4 5. Be2 e6 6. Bg5 Be7 7. h3 Bh5 8.
g4 Bg6 9. Bxf6 Bxf6 10. h4 h6 11. Qd2 d5 12. e5 Be7 13. O-O-O a6 14. g5 Bh5
15. gxh6 Rxh6 16. Ng5 Bxe2 17. Qxe2 Bf8 18. Qf3 Qe7 19. Kb1 Nd7 20. Na4 b5
21. Nc5 Nxc5 22. dxc5 Qd7 23. Rd2 Bxc5 24. c3 Rh7 25. Nxh7 O-O-O 26. Ng5
Rf8 27. Rhd1 Qe7 28. b4 Bxb4 29. cxb4 Qxb4+ 30. Rb2 Qxh4 31. Nxf7 Kb7 32.
Nd6+ Ka7 33. Qxf8 Qh7+ 34. Ka1 { Black resigns } 1-0

[Event "ICC tourney 2308 (3 2)"]
[Site "Internet Chess Club"]
[Date "2021.01.15"]
[Round "10"]
[White "hackerguru"]
[Black "funpawn"]
[Result "1-0"]
[ICCResult "Black forfeits on time"]
[WhiteElo "1750"]
[BlackElo "1794"]
[Opening "English: Bremen system, Keres variation"]
[ECO "A23"]
[NIC "EO.12"]
[Time "22:20:12"]
[PlyCount "55"]
[TimeControl "180+2"]

1. c4 e5 2. Nc3 Nf6 3. g3 c6 4. Nf3 e4 5. Nd4 Qb6 6. e3 d5 7. cxd5 cxd5 8.
d3 Bb4 9. Bd2 Bg4 10. Qb3 O-O 11. dxe4 dxe4 12. Bg2 Bxc3 13. Bxc3 Qxb3 14.
axb3 Nbd7 15. O-O Nc5 16. b4 Nd3 17. f3 exf3 18. Bxf3 Bxf3 19. Rxf3 Ne5 20.
Rf5 Nc4 21. Re1 Rfe8 22. Nb5 Nxe3 23. Rxf6 gxf6 24. Nc7 Rac8 25. Nxe8 Rxe8
26. Bd4 Re4 27. Bxe3 Rxb4 28. Bh6 { Black forfeits on time } 1-0

[Event "ICC tourney 2308 (3 2)"]
[Site "Internet Chess Club"]
[Date "2021.01.15"]
[Round "10"]
[White "Gnanathan"]
[Black "bnielsen19"]
[Result "0-1"]
[ICCResult "White resigns"]
[WhiteElo "1101"]
[BlackElo "1565"]
[Opening "Sicilian: Kan, 5.Nc3"]
[ECO "B43"]
[NIC "SI.41"]
[Time "22:20:55"]
[PlyCount "56"]
[TimeControl "180+2"]

1. e4 c5 2. Nf3 e6 3. d4 cxd4 4. Nxd4 a6 5. Nc3 Qc7 6. Be3 Bb4 7. Qd2 Nf6
8. f3 d5 9. Bd3 e5 10. Nde2 d4 11. Bf2 dxc3 12. bxc3 Ba5 13. O-O O-O 14.
Ng3 Bxc3 15. Qg5 Bxa1 16. Nf5 Bxf5 17. exf5 Bd4 18. Bxd4 exd4 19. f4 h6 20.
Qh4 Nbd7 21. Rf3 Kh7 22. Rg3 Rg8 23. Rh3 Nc5 24. g4 Qxf4 25. g5 Qxh4 26.
Rxh4 Nxd3 27. cxd3 b5 28. gxf6 gxf6+ { White resigns } 0-1

[Event "ICC tourney 2308 (3 2)"]
[Site "Internet Chess Club"]
[Date "2021.01.15"]
[Round "10"]
[White "acgc"]
[Black "dsmartins"]
[Result "0-1"]
[ICCResult "White checkmated"]
[WhiteElo "946"]
[BlackElo "1777"]
[Opening "Scandinavian (center counter) defense"]
[ECO "B01"]
[NIC "SD.01"]
[Time "22:20:54"]
[PlyCount "122"]
[TimeControl "180+2"]

1. e4 d5 2. exd5 Qxd5 3. Nc3 Qa5 4. Nf3 Nf6 5. d4 c6 6. Bd2 Qc7 7. Bd3 Bg4
8. Qe2 e6 9. O-O-O Nbd7 10. h3 Bh5 11. g4 Bg6 12. Ne5 Nxe5 13. dxe5 Nd5 14.
Nxd5 cxd5 15. Bxg6 hxg6 16. Qb5+ Qc6 17. Qxc6+ bxc6 18. Rde1 a5 19. h4 a4
20. a3 c5 21. h5 gxh5 22. gxh5 c4 23. Re3 g6 24. Reh3 gxh5 25. Rxh5 Rxh5
26. Rxh5 Bg7 27. Rg5 Kf8 28. f4 Kg8 29. Bb4 Kh7 30. Kd2 Bh6 31. Rg4 Rg8 32.
Rxg8 Bxf4+ 33. Kc3 Bxe5+ 34. Kd2 Kxg8 35. Ke3 f5 36. c3 f4+ 37. Kf3 Kf7 38.
Bc5 Kf6 39. Bg1 Kf5 40. Bh2 Bc7 41. Bg1 e5 42. Kf2 Bb6+ 43. Kf1 Bxg1 44.
Kxg1 Ke4 45. Kf2 f3 46. Kf1 Ke3 47. Ke1 f2+ 48. Kf1 e4 49. b3 cxb3 50. c4
dxc4 51. Kg2 Ke2 52. Kg3 f1=Q 53. Kg4 Ke3 54. Kg5 Qf4+ 55. Kg6 Kd4 56. Kg7
Ke5 57. Kg6 Ke6 58. Kg7 Qf6+ 59. Kh7 Qg5 60. Kh8 Kf7 61. Kh7 Qh5# { White
checkmated } 0-1

[Event "ICC tourney 2308 (3 2)"]
[Site "Internet Chess Club"]
[Date "2021.01.15"]
[Round "10"]
[White "PearsonH"]
[Black "sarvadh"]
[Result "1/2-1/2"]
[ICCResult "Game drawn by repetition"]
[WhiteElo "1752"]
[BlackElo "2250"]
[Opening "Queen's pawn: London system"]
[ECO "A45"]
[NIC "QP.07"]
[Time "22:20:02"]
[PlyCount "108"]
[TimeControl "180+2"]

1. d4 Nf6 2. Bf4 d5 3. e3 c5 4. c3 Nc6 5. Nd2 Bf5 6. Qb3 Qd7 7. Ngf3 e6 8.
Ne5 Nxe5 9. Bxe5 c4 10. Qd1 Ne4 11. Nxe4 Bxe4 12. f3 Bg6 13. e4 f6 14. Bg3
Bd6 15. exd5 Bxg3+ 16. hxg3 exd5 17. Be2 Qd6 18. Kf2 O-O 19. Qd2 Rae8 20.
Bd1 Re7 21. Bc2 Rfe8 22. Bxg6 hxg6 23. Rae1 Kf7 24. Rxe7+ Qxe7 25. Re1
Qxe1+ 26. Qxe1 Rxe1 27. Kxe1 Ke6 28. Ke2 b5 29. Ke3 f5 30. g4 fxg4 31. fxg4
g5 32. Kd2 a5 33. b3 cxb3 34. axb3 Kd6 35. Kc2 Kc6 36. Kb2 Kb6 37. Ka3 Kc6
38. Kb2 a4 39. Ka3 axb3 40. Kxb3 Kb7 41. Ka3 Ka7 42. Kb3 Kb7 43. Ka2 Ka6
44. Kb3 Kb7 45. Kb4 Kb6 46. Kb3 Kb7 47. g3 g6 48. Kc2 Kc6 49. Kb3 Kb7 50.
Kb4 Kb6 51. Ka3 Ka7 52. Kb3 Kb7 53. Kb4 Kb6 54. Kb3 Kb7 { Game drawn by
repetition } 1/2-1/2

[Event "ICC tourney 2308 (3 2)"]
[Site "Internet Chess Club"]
[Date "2021.01.15"]
[Round "10"]
[White "stephenwilly"]
[Black "chessrex"]
[Result "0-1"]
[ICCResult "White checkmated"]
[WhiteElo "1460"]
[BlackElo "1949"]
[Opening "Sicilian: Alapin's variation (2.c3)"]
[ECO "B22"]
[NIC "SI.46"]
[Time "22:20:14"]
[PlyCount "130"]
[TimeControl "180+2"]

1. e4 c5 2. c3 Nf6 3. e5 Nd5 4. d4 e6 5. a4 d6 6. exd6 Bxd6 7. Nf3 O-O 8.
Bd3 f5 9. Nbd2 Nc6 10. g4 Nf4 11. Bc2 fxg4 12. Ne4 gxf3 13. Qxf3 e5 14.
Bxf4 Rxf4 15. Qh5 Bf5 16. Nxd6 Bxc2 17. dxc5 Qf6 18. Rf1 Bd3 19. Kd2 Bxf1
20. Rxf1 Rxf2+ 21. Rxf2 Qxf2+ 22. Kc1 Rf8 23. Kb1 Qf1+ 24. Ka2 g6 25. Qg4
Qf6 26. Qc4+ Kg7 27. Qb5 Qe7 28. Nxb7 Rb8 29. Qxc6 Qxb7 30. Qxb7+ Rxb7 31.
b4 e4 32. Kb2 a5 33. b5 Kf7 34. c4 Ke6 35. Kc3 Ke5 36. c6 Rb8 37. c7 Rc8
38. b6 Kd6 39. b7 Kxc7 40. bxc8=Q+ Kxc8 41. Kd4 Kc7 42. Kxe4 Kc6 43. Kd4 g5
44. Ke4 Kc5 45. Kf5 Kxc4 46. Kxg5 Kb4 47. Kh6 Kxa4 48. Kxh7 Kb4 49. Kg6 a4
50. h4 a3 51. h5 a2 52. h6 a1=Q 53. h7 Qh8 54. Kh6 Kc5 55. Kg6 Kd6 56. Kh6
Ke5 57. Kg6 Ke6 58. Kh6 Kf6 59. Kh5 Qxh7+ 60. Kg4 Qf5+ 61. Kh4 Qg5+ 62. Kh3
Kf5 63. Kh2 Kf4 64. Kh1 Kf3 65. Kh2 Qg2# { White checkmated } 0-1

[Event "ICC tourney 2308 (3 2)"]
[Site "Internet Chess Club"]
[Date "2021.01.15"]
[Round "10"]
[White "DualMoneytime"]
[Black "Jesuscalling"]
[Result "1-0"]
[ICCResult "Black checkmated"]
[WhiteElo "1982"]
[BlackElo "2050"]
[Opening "Caro-Kann: exchange, Rubinstein variation"]
[ECO "B13"]
[NIC "CK.02"]
[Time "22:20:04"]
[PlyCount "169"]
[TimeControl "180+2"]

1. e4 c6 2. d4 d5 3. exd5 cxd5 4. Bd3 Nc6 5. c3 Nf6 6. Bf4 e6 7. Nf3 Bd6 8.
Bxd6 Qxd6 9. Qe2 O-O 10. O-O Re8 11. Ne5 a6 12. f4 b5 13. Nd2 Na5 14. g4
Nc4 15. g5 Nd7 16. Ndf3 Ndxe5 17. fxe5 Qe7 18. b3 Nb6 19. h4 Bd7 20. Qc2 g6
21. Nh2 Kh8 22. Ng4 Rg8 23. Nf6 Rg7 24. Rf3 Rc8 25. Qd2 a5 26. Rh3 b4 27.
cxb4 Qxb4 28. Qxb4 axb4 29. Kf2 Rc3 30. Ke2 Bb5 31. Rah1 Nd7 32. Bxb5 Nxf6
33. exf6 Rg8 34. h5 Rxh3 35. Rxh3 Rb8 36. Bd3 Kg8 37. hxg6 hxg6 38. Bb1 Rc8
39. Kd2 Re8 40. Re3 Rc8 41. Re1 Kh7 42. Rh1+ Kg8 43. Rc1 Ra8 44. Rc7 Rb8
45. Kc2 Kf8 46. Kb2 Ke8 47. Bd3 Rb6 48. Rc8+ Kd7 49. Rf8 e5 50. Rxf7+ Kd6
51. dxe5+ Kxe5 52. Re7+ Kd6 53. Bxg6 Rb8 54. Bf5 d4 55. Rd7+ Ke5 56. Bd3
Rh8 57. Re7+ Kd6 58. Re2 Rf8 59. Rg2 Ke5 60. g6 Kxf6 61. g7 Rg8 62. Bc4
Rxg7 63. Rxg7 Kxg7 64. Kc2 Kf6 65. Kb2 Kf5 66. a3 bxa3+ 67. Kxa3 Ke4 68.
Ka4 d3 69. Bxd3+ Kxd3 70. Kb5 Kc3 71. b4 Kd4 72. Kc6 Ke5 73. b5 Kf6 74. b6
Ke7 75. b7 Kd8 76. b8=Q+ Ke7 77. Qd6+ Kf7 78. Kd7 Kg7 79. Qe6 Kh7 80. Qg4
Kh6 81. Ke6 Kh7 82. Qg5 Kh8 83. Kf7 Kh7 84. Qg6+ Kh8 85. Qh6# { Black
checkmated } 1-0

[Event "ICC tourney 2308 (3 2)"]
[Site "Internet Chess Club"]
[Date "2021.01.15"]
[Round "10"]
[White "Kinawa"]
[Black "haarim"]
[Result "1-0"]
[ICCResult "Black forfeits on time"]
[WhiteElo "1535"]
[BlackElo "1491"]
[Opening "French: advance, Paulsen attack"]
[ECO "C02"]
[NIC "FR.03"]
[Time "22:20:02"]
[PlyCount "59"]
[TimeControl "180+2"]

1. e4 e6 2. d4 d5 3. e5 c5 4. c3 Nc6 5. Nf3 Qb6 6. a3 c4 7. Be2 Na5 8. b4
cxb3 9. Bb2 Nc4 10. Bxc4 dxc4 11. O-O Ne7 12. Nbd2 Qc7 13. Qe2 b5 14. a4
Bd7 15. axb5 Bxb5 16. Nxb3 Nd5 17. Nbd2 Nf4 18. Qe4 Nd5 19. Rfc1 Be7 20.
Ba3 O-O 21. Bxe7 Qxe7 22. Qg4 h6 23. Ne4 a6 24. Nc5 Rfb8 25. Nd2 Rb6 26.
Nde4 f5 27. exf6 Nxf6 28. Nxf6+ Qxf6 29. Re1 Re8 30. Re5 { Black forfeits
on time } 1-0

[Event "ICC tourney 2308 (3 2)"]
[Site "Internet Chess Club"]
[Date "2021.01.15"]
[Round "10"]
[White "RatislavK"]
[Black "Ben2008"]
[Result "0-1"]
[ICCResult "White checkmated"]
[WhiteElo "1533"]
[BlackElo "1900"]
[Opening "Sicilian: Alapin's variation (2.c3)"]
[ECO "B22"]
[NIC "SI.46"]
[Time "22:20:19"]
[PlyCount "84"]
[TimeControl "180+2"]

1. e4 c5 2. c3 d6 3. d4 cxd4 4. cxd4 e6 5. Nf3 Nf6 6. Nc3 Nc6 7. Bg5 Be7 8.
e5 dxe5 9. dxe5 Qxd1+ 10. Rxd1 Nd7 11. Bxe7 Kxe7 12. Bb5 Ncxe5 13. Nxe5
Nxe5 14. O-O Bd7 15. Be2 Bc6 16. Rfe1 Rhd8 17. Rc1 Ng6 18. Nb5 Nf4 19. Bf3
Bxb5 20. Rc7+ Ke8 21. g3 Nd3 22. Re3 Rab8 23. Be2 Ba6 24. Rf3 Ne5 25. Re3
Bxe2 26. Rxe2 Nc6 27. Re4 Rd1+ 28. Kg2 Rd2 29. Rf4 Ne7 30. Rb4 b6 31. Rxa7
Nd5 32. Rb3 Rc8 33. Rf3 Nf6 34. g4 Rcc2 35. g5 Ne4 36. Rfxf7 Rxf2+ 37. Rxf2
Rxf2+ 38. Kg1 Rxb2 39. Rxg7 Rxa2 40. Rxh7 Nxg5 41. Rg7 Nf3+ 42. Kh1 Rxh2# {
White checkmated } 0-1

[Event "ICC tourney 2308 (3 2)"]
[Site "Internet Chess Club"]
[Date "2021.01.15"]
[Round "10"]
[White "woochess"]
[Black "Goran21"]
[Result "1-0"]
[ICCResult "Black resigns"]
[WhiteElo "2595"]
[BlackElo "2008"]
[Opening "King's Indian: fianchetto, lesser Simagin (Spassky) variation"]
[ECO "E62"]
[NIC "KI.72"]
[Time "22:20:03"]
[PlyCount "87"]
[TimeControl "180+2"]

1. d4 Nf6 2. Nf3 g6 3. c4 Bg7 4. g3 d6 5. Bg2 O-O 6. O-O Nc6 7. Nc3 Bf5 8.
b3 Ne4 9. Bb2 e5 10. Nxe4 Bxe4 11. dxe5 Bxf3 12. Bxf3 Nxe5 13. Bxb7 Rb8 14.
Bg2 Re8 15. Qc2 a5 16. Bc3 c5 17. Rad1 Qe7 18. Bxa5 Ng4 19. e3 Bh6 20. h3
Ne5 21. Bc3 f5 22. Rd2 Bg7 23. Rfd1 Rb6 24. Rd5 Reb8 25. Qd2 Nf7 26. Bxg7
Kxg7 27. e4 fxe4 28. Re1 Qf6 29. Rxe4 Rf8 30. Kh2 g5 31. f4 h6 32. fxg5
hxg5 33. Rg4 Rh8 34. Rgxg5+ Nxg5 35. Rxg5+ Kf8 36. Rg4 Ke7 37. Rf4 Qh6 38.
Re4+ Kd8 39. Qa5 d5 40. Rh4 Qd6 41. Rxh8+ Ke7 42. Qa7+ Kf6 43. Rh6+ Ke5 44.
Qg7+ { Black resigns } 1-0

[Event "ICC tourney 2308 (3 2)"]
[Site "Internet Chess Club"]
[Date "2021.01.15"]
[Round "10"]
[White "chesssky"]
[Black "kurumania"]
[Result "0-1"]
[ICCResult "White forfeits on time"]
[WhiteElo "1991"]
[BlackElo "2514"]
[Opening "Catalan: closed, 6...Nbd7"]
[ECO "E07"]
[NIC "CA.04"]
[Time "22:20:18"]
[PlyCount "72"]
[TimeControl "180+2"]

1. Nf3 d5 2. c4 e6 3. d4 Nf6 4. g3 Be7 5. Bg2 O-O 6. O-O Nbd7 7. Nbd2 b6 8.
b3 a5 9. Bb2 c6 10. Rc1 Ba6 11. Re1 b5 12. cxd5 cxd5 13. Ne5 Qb6 14. Ndf3
Rfc8 15. Qd3 b4 16. Qd2 Nxe5 17. Nxe5 Bb5 18. Rxc8+ Rxc8 19. Rc1 Rc7 20.
Nd3 Rxc1+ 21. Bxc1 Qxd4 22. Bb2 Qb6 23. Qc2 Qc6 24. Qd2 h6 25. Ne5 Qc7 26.
h4 Bd6 27. Nd3 Nd7 28. e4 dxe4 29. Bxe4 Bc6 30. Bxc6 Qxc6 31. Qe3 Bf8 32.
Qa7 Qd6 33. Nf4 e5 34. Ng2 Nf6 35. Ne3 Ne4 36. Qa6 Qxa6 { White forfeits on
time } 0-1

[Event "ICC tourney 2308 (3 2)"]
[Site "Internet Chess Club"]
[Date "2021.01.15"]
[Round "10"]
[White "YKQ"]
[Black "Volkov"]
[Result "0-1"]
[ICCResult "White resigns"]
[WhiteElo "2550"]
[BlackElo "2607"]
[Opening "Queen's pawn game"]
[ECO "D04"]
[NIC "QP.08"]
[Time "22:20:16"]
[PlyCount "90"]
[TimeControl "180+2"]

1. d4 d5 2. Nf3 Nf6 3. e3 c5 4. dxc5 e6 5. b4 a5 6. c3 axb4 7. cxb4 b6 8.
Bb5+ Bd7 9. Bxd7+ Nbxd7 10. O-O bxc5 11. b5 c4 12. a4 Nc5 13. Nc3 Nb3 14.
Ra2 Bb4 15. Bb2 Qa5 16. Qc2 O-O 17. Rd1 h6 18. Nd4 Nxd4 19. Rxd4 Rfc8 20.
Rd1 Bc5 21. h3 Qb6 22. Bc1 Rd8 23. Bd2 Bb4 24. Be1 Ba5 25. Qe2 Rac8 26. Qc2
e5 27. Qf5 d4 28. exd4 exd4 29. Ne4 Nxe4 30. Bxa5 Qxa5 31. Qxe4 d3 32. Raa1
d2 33. Qc2 c3 34. Rab1 Qb6 35. Rb3 Qd4 36. b6 Qd3 37. Qxd3 Rxd3 38. b7 Rb8
39. Rf1 d1=Q 40. Rxd1 Rxd1+ 41. Kh2 c2 42. a5 c1=Q 43. a6 Rh1+ 44. Kg3 Qc7+
45. f4 Ra1 { White resigns } 0-1

[Event "ICC tourney 2308 (3 2)"]
[Site "Internet Chess Club"]
[Date "2021.01.15"]
[Round "10"]
[White "mchessmaster"]
[Black "KingRayfish"]
[Result "1-0"]
[ICCResult "Black checkmated"]
[WhiteElo "1955"]
[BlackElo "1469"]
[Opening "Caro-Kann: exchange variation"]
[ECO "B13"]
[NIC "CK.02"]
[Time "22:20:18"]
[PlyCount "83"]
[TimeControl "180+2"]

1. e4 c6 2. d4 d5 3. exd5 cxd5 4. Bd3 Nf6 5. Nf3 Bg4 6. c3 Nc6 7. Bf4 e6 8.
O-O Bd6 9. Bxd6 Qxd6 10. Nbd2 O-O 11. Qb3 b6 12. Rfe1 Rfe8 13. Ne5 Na5 14.
Qb5 a6 15. Qa4 Nb7 16. Ndf3 b5 17. Qb3 Na5 18. Qc2 Nc4 19. b3 Nb6 20. Ng5
Bh5 21. Bxh7+ Kf8 22. Bd3 Rac8 23. Qd2 Ng8 24. Qf4 f6 25. Ng6+ Bxg6 26.
Qxd6+ Ne7 27. Nxe6+ Kf7 28. Qxb6 Rc6 29. Bxg6+ Kxg6 30. Qb7 Rcc8 31. Nf4+
Kf7 32. Rxe7+ Rxe7 33. Qxd5+ Kf8 34. Ng6+ Ke8 35. Nxe7 Kxe7 36. Re1+ Kf8
37. Qd6+ Kg8 38. Qe6+ Kh7 39. Qxc8 g5 40. Qf5+ Kh6 41. Re7 Kh5 42. Rh7# {
Black checkmated } 1-0

[Event "ICC tourney 2308 (3 2)"]
[Site "Internet Chess Club"]
[Date "2021.01.15"]
[Round "10"]
[White "spideydavey"]
[Black "ChiefDas"]
[Result "0-1"]
[ICCResult "White forfeits on time"]
[WhiteElo "1802"]
[BlackElo "1857"]
[Opening "Sicilian: Smith-Morra gambit"]
[ECO "B21"]
[NIC "SI.48"]
[Time "22:20:55"]
[PlyCount "60"]
[TimeControl "180+2"]

1. e4 c5 2. d4 cxd4 3. c3 dxc3 4. Nxc3 Nc6 5. Nf3 d6 6. Bc4 e6 7. O-O Be7
8. Qe2 Nf6 9. Rd1 Qb6 10. Be3 Qa5 11. Nb5 O-O 12. Bd2 Qb6 13. Bg5 d5 14.
exd5 exd5 15. Bxd5 Nxd5 16. Rxd5 Be6 17. Rdd1 a6 18. Nd6 Bxd6 19. Rxd6 h6
20. Be3 Qb4 21. Rad1 Rad8 22. Rxd8 Rxd8 23. Rxd8+ Nxd8 24. Qd2 Nc6 25. Qxb4
Nxb4 26. a3 Nc6 27. Kf1 Bc4+ 28. Ke1 Kf8 29. Kd2 Ke8 30. Kc3 Be6 { White
forfeits on time } 0-1

[Event "ICC tourney 2308 (3 2)"]
[Site "Internet Chess Club"]
[Date "2021.01.15"]
[Round "10"]
[White "ZYCON"]
[Black "aberdeenace"]
[Result "0-1"]
[ICCResult "White forfeits on time"]
[WhiteElo "1385"]
[BlackElo "1546"]
[Opening "King's Indian: 6.Be2"]
[ECO "E91"]
[NIC "KI.19"]
[Time "22:20:16"]
[PlyCount "82"]
[TimeControl "180+2"]

1. d4 g6 2. c4 Bg7 3. Nc3 Nf6 4. e4 d6 5. Nf3 O-O 6. Be2 Nbd7 7. O-O c5 8.
d5 Ng4 9. h3 Nge5 10. Nxe5 Bxe5 11. Be3 b5 12. cxb5 a6 13. bxa6 Bxa6 14.
Bxa6 Rxa6 15. f4 Bg7 16. a3 Nb6 17. Qe2 Qa8 18. Rfc1 Na4 19. Nxa4 Rxa4 20.
Rab1 Rxe4 21. Qf3 Qxd5 22. b4 Bd4 23. Re1 cxb4 24. Rxb4 Bxe3+ 25. Rxe3 f5
26. Rbxe4 fxe4 27. Qxe4 Qd1+ 28. Kh2 Rf7 29. Qc4 Kg7 30. Qc3+ Kh6 31. Qc4
d5 32. Qb4 Qc1 33. Rxe7 Rxe7 34. Qxe7 Qxf4+ 35. Kg1 d4 36. Qe1 d3 37. Qd1
d2 38. a4 Qd4+ 39. Kh1 Kg5 40. a5 Kf4 41. a6 Qf2 { White forfeits on time }
0-1